 Dungeon Crawl Stone Soup version 0.30-a0-591-g3c58d2bc28 (webtiles) character file.

Game seed: 15665940402956339675

7 kae the Insei (level 1, 0/14 (15) HPs)
             Began as a Demonspawn Transmuter on Jan 5, 2023.
             Slain by a kobold
             ... wielding a +2 dagger of draining
              (3 damage)
             ... on level 1 of the Dungeon.
             The game lasted 00:00:25 (210 turns).

kae the Insei (Demonspawn Transmuter)                Turns: 210, Time: 00:00:26

HP:   0/14 (15)     AC:  2    Str: 10    XL:     1   Next: 83%
MP:   3/3           EV: 12    Int: 14    God:
Gold: 15            SH:  0    Dex: 13    Spells: 3/4 levels left

rFire   . . .      SeeInvis .      - Unarmed
rCold   . . .      Faith    .    (no shield)
rNeg    . . .      Spirit   .    a - +0 robe
rPois   .          Reflect  .    (no helmet)
rElec   .          Harm     .    (no cloak)
rCorr   .          Rampage  .    (no gloves)
Will    .....                    (no boots)
Stlth   +                        (no amulet)
HPRegen 0.22/turn                (no ring)
MPRegen 0.08/turn                (no ring)

@: drained
A: no striking features
a: no special abilities


You were on level 1 of the Dungeon.
You visited 1 branch of the dungeon, and saw 2 of its levels.

You collected 15 gold pieces.


   Skills:
 - Level 1.0 Fighting
 - Level 1.7 Dodging
 + Level 2.8 Unarmed Combat
 + Level 2.1 Spellcasting
 * Level 2.1 Transmutations


You had 3 spell levels left.
You knew the following spells:

 Your Spells              Type           Power      Damage    Failure   Level
a - Beastly Appendage     Tmut           14%        N/A       10%         1

Your spell library contained the following spells:

 Spells                   Type           Power      Damage    Failure   Level
 Wereblood                Tmut           7%         N/A       14%         2
 Spider Form              Tmut/Pois      4%         N/A       41%         3
 Ice Form                 Ice/Tmut       4%         N/A       83%         4

Inventory:

Missiles
 f - 8 stones
Armour
 a - a +0 robe (worn)
Scrolls
 c - 2 scrolls of noise {!r}
Potions
 b - 2 potions of lignification {!q}
 d - a potion of brilliance {unknown}
 e - 2 potions of heal wounds {unknown}

Dungeon Overview and Level Annotations

Branches:
Dungeon (2/15) Zot: 11790

Altars:

Annotations:
D:2 exclusion: giant cockroach, Natasha

.# .....# ..
#....#
#.######....#
#.....##....#
+......+....#
#.....##....# .
#.....##b...# .
#.....##K...#
#####..@##.......
.......##.#
###.###
######.##.###...#
........>...#
####.######## #.
#. #.


You could see a bat and a kobold.


Message History

You hear a loud clanging noise!
It was a scroll of noise.
You hear an angry hiss. x2; You hear a shout!
Unknown command.
Things that are here:
a +0 club; a goblin corpse
There is a stone staircase leading down here.
You see here 6 large rocks {=f}.
There is a stone staircase leading up here. 😎 MP[+1]
Your mp is fully restored (3).
You climb upwards.
There is a stone staircase leading down here.
You aren't carrying any pieces of jewellery.
Unknown command.
Okay, then.
You now have 15 gold pieces (gained 5).
A kobold and a quokka come into view.
The kobold is wielding a +2 whip of draining.
There are monsters nearby!
There are monsters nearby!
There are monsters nearby!
Casting: Beastly Appendage (safe; 11% risk of failure)
Confirm with . or Enter, or press ? or * to list all spells.
You grow a pair of large bovine horns.
Your feet morph into talons.
The kobold shouts!
The kobold throws a stone.
The stone barely misses you.
A kobold comes into view.
It is wielding a +2 dagger of draining. 😎 MP[-1]
You lost 1 mp, and now have 2/3 mp.
A bat comes into view.
The kobold shouts!
You hit the quokka.
The quokka twitches its whiskers.
The quokka closely misses you.
You barely miss the quokka. You claw the quokka, but do no damage.
The quokka completely misses you.
The kobold throws a stone.
The stone misses you.
The kobold throws a stone.
The stone barely misses you.
You hit the quokka.
The bat barely misses you. x2; The quokka bites you.
The kobold throws a stone.
The stone barely misses you.
The kobold throws a stone.
The stone barely misses you. 😮 HP[-4]
You take 4 damage, and now have 11/15 hp.
MASSIVE DAMAGE!! (PAUSE)
You closely miss the quokka. Your headbutt misses the quokka.
The bat closely misses you. The bat barely misses you.
The quokka completely misses you. The quokka barely misses you.
You hit the quokka but do no damage. The bat hits you but does no damage.
The quokka bites you. 😮 HP[-1]
You take 1 damage, and now have 10/15 hp.
You are too injured to fight recklessly!
You are too injured to fight recklessly!
Your transformation is almost over.
The quokka attacks as you move away!
The quokka bites you but does no damage.
You hit the quokka but do no damage. Your headbutt misses the quokka.
The quokka bites you.
* * * LOW HITPOINT WARNING * * *
😨 HP[-3]
You take 3 damage, and now have 7/15 hp.
You hit the quokka.
You kill the quokka!
The bat hits you.
* * * LOW HITPOINT WARNING * * *
😨 HP[-1]
You take 1 damage, and now have 6/15 hp.
You hit the kobold.
You kill the kobold!
The bat closely misses you.
The kobold throws a stone.
The stone misses you. 😨 MP[+1]
Your mp is fully restored (3).
You swing at nothing.
The bat hits you but does no damage.
You closely miss the bat. The bat closely misses you.
The bat hits you but does no damage. 😨 HP[+1]
You barely miss the bat. You claw the bat, but do no damage.
You headbutt the bat, but do no damage. The bat barely misses you.
The bat hits you but does no damage.
You hit the bat but do no damage. You headbutt the bat. The bat hits you.
* * * LOW HITPOINT WARNING * * *
The bat barely misses you. 😨 HP[-1]
You take 1 damage, and now have 6/15 hp.
You closely miss the bat. Your kick misses the bat.
Your headbutt misses the bat.
Your horns disappear.
Your talons disappear.
The bat hits you but does no damage.
You hit the kobold but do no damage.
The kobold hits you with a +2 dagger of draining.
* * * LOW HITPOINT WARNING * * *
You feel drained.
* * * LOW HITPOINT WARNING * * *
😱 HP[-4]
You now have 14 max hp (-1).
You take 4 damage, and now have 2/14 hp.
MASSIVE DAMAGE!! (PAUSE)
You hit the kobold.
The kobold hits you with a +2 dagger of draining.
You die...

Skill      XL: |  1 |
---------------+----+-----
Transmutations | 2 |  2.1
Fighting       | |  1.0
Dodging        | |  1.7
Unarmed Combat | |  2.8
Spellcasting   | |  2.1

Action                   || total
-------------------------++-------
Melee: Unarmed           ||    25
       Kick              ||     5
       Headbutt          ||     2
 Cast: Beastly Appendage ||     2
  Use: Scroll            ||     1
Armor: Robe              ||     7
Dodge: Dodged            ||    23

Levels and vault maps discovered:
D:1:      dpeg_arrival_tiny_a, layout_basic
D:2:      layout_rooms, uniq_natasha

Notes
Turn   | Place    | Note
-------+----------+-------------------------------------------
     0 | D:1      | kae the Demonspawn Transmuter began the quest for the Orb.
     0 | D:1      | Reached XP level 1. HP: 15/15 MP: 3/3
     0 | D:1      | magus.rc [v1.11.3]
    61 | D:1      | You fall into a shaft and drop 1 floor!
    90 | D:2      | Noticed Natasha
   141 | D:2      | Reached skill level 2 in Transmutations
   209 | D:1      | HP: 3/15 [kobold/+2 dagger of draining (3)]
   210 | D:1      | Slain by a kobold

Vanquished Creatures
  An endoplasm (D:1)
  2 goblins
  A quokka (D:1)
  A kobold (D:1)
  A rat (D:1)
6 creatures vanquished.

Table legend:
 A = Non-vault XP
 B = Vault XP
 C = Vault XP percentage of total XP
 D = Non-vault monster count
 E = Vault monster count
 F = Vault count percentage of total count
                 A         B        C        D         E       F
            +---------+---------+-------+---------+---------+-------
      Total |      10 |       0 |   0.0 |       6 |       0 |   0.0
            +---------+---------+-------+---------+---------+-------
        D:1 |       8 |       0 |   0.0 |       5 |       0 |   0.0
        D:2 |       2 |       0 |   0.0 |       1 |       0 |   0.0
            +---------+---------+-------+---------+---------+-------

Illustrated notes

Table legend:
 A = Kills in this place as a percentage of kills in entire the game.
 B = Kills by you in this place as a percentage of kills by you in the entire game.
 C = Kills by friends in this place as a percentage of kills by friends in the entire game.
 D = Other kills in this place as a percentage of other kills in the entire game.
 E = Experience gained in this place as a percentage of experience gained in the entire game.
 F = Experience gained in this place divided by the number of levels of this place that you have seen.
                   A       B       C       D       E      F
               +-------+-------+-------+-------+-------+----------------------
         Total | 100.0 | 100.0 |   N/A |   N/A | 100.0 |   5.0
       Dungeon | 100.0 | 100.0 |   N/A |   N/A | 100.0 |   5.0
               +-------+-------+-------+-------+-------+----------------------

Table legend: (Time is in decaauts)
 A = Elapsed time spent in this place.
 B = Non-inter-level travel time spent in this place.
 C = Inter-level travel time spent in this place.
 D = Time resting spent in this place.
 E = Time spent auto-exploring this place.
 F = Levels seen in this place.
 G = Mean time per level.
                   A        B        C        D        E       F      G
               +--------+--------+--------+--------+--------+-----+--------+
         Total |    208 |    176 |     32 |      0 |    117 |   2 |  104.0 |
       Dungeon |    208 |    176 |     32 |      0 |    117 |   2 |  104.0 |
               +--------+--------+--------+--------+--------+-----+--------+

Top non-repeatable levels by time:
     D:2: 117 daAuts
     D:1: 91 daAuts
